[Event "Eurasia Open Cup 2019"]
[Site "Ekaterinburg"]
[Date "2019.08.02"]
[Round "3.4"]
[White "Shaposhnikov, Evgeny"]
[Black "Nesterov, Arseniy"]
[Result "1/2-1/2"]
[ECO "A20"]
[WhiteElo "2575"]
[BlackElo "2451"]
[Annotator "ChessBase"]
[PlyCount "133"]
[EventDate "2019.07.31"]
[EventType "swiss"]
[EventCountry "RUS"]
[SourceTitle "playchess.com"]
[Source "ChessBase"]
[SourceQuality "1"]
[TimeControl "5400+30"]

1. c4 e5 2. g3 Nf6 3. Bg2 c6 4. Nf3 e4 5. Nd4 d5 6. cxd5 cxd5 7. d3 Bc5 8. Nb3 Bb6 9. O-O O-O 10. Bg5 h6 11. Bxf6 Qxf6 12. Nc3 Rd8 13. dxe4 dxe4 14. Qc1 e3 15. fxe3 Qe5 16. Nd5 Nc6 17. Nxb6 axb6 18. Qc3 Qxc3 19. bxc3 Be6 20. Nd4 Bxa2 21. Bxc6 bxc6 22. Nxc6 Re8 23. Kf2 Bc4 24. Rfb1 Rxa1 25. Rxa1 Bd5 26. Nd4 Rc8 27. Ra3 g6 28. Ke1 Rc5 29. Kd2 Bc4 30. Ra8+ Kg7 31. Rb8 b5 32. Rb6 Rh5 33. h4 Re5 34. Nc2 Rd5+ 35. Ke1 Re5 36. Rd6 Bb3 37. Nd4 Bc4 38. Kf2 Kf8 39. Rd8+ Kg7 40. Rd6 Kf8 41. Rb6 Kg7 42. Nf3 Rc5 43. Ke1 Rc7 44. e4 Ra7 45. Rc6 Ra3 46. Nd4 Rxc3 47. Nxb5 Rb3 48. Nd4 Rb4 49. Kf2 Ba2 50. Rd6 Rb7 51. Ra6 Bc4 52. Rd6 Re7 53. Kf3 h5 54. Rc6 Ba2 55. Kf4 Ra7 56. e3 Ra4 57. Rc7 Kh6 58. Nb5 Be6 59. Nd6 Ra1 60. Ke5 Rf1 61. Ra7 Rf3 62. Ra8 Rxg3 63. Ne8 Rh3 64. Nc7 Rxh4 65. Nxe6 fxe6 66. Kf6 Kh7 67. e5 1/2-1/2

[Event "Eurasia Open Cup 2019"]
[Site "Ekaterinburg"]
[Date "2019.08.02"]
[Round "3.6"]
[White "Zhigalko, Andrey"]
[Black "Khusenkhojaev, Muhammad"]
[Result "1-0"]
[ECO "C43"]
[WhiteElo "2549"]
[BlackElo "2441"]
[Annotator "ChessBase"]
[PlyCount "49"]
[EventDate "2019.07.31"]
[EventType "swiss"]
[EventCountry "RUS"]
[SourceTitle "playchess.com"]
[Source "ChessBase"]
[SourceQuality "1"]
[TimeControl "5400+30"]

1. e4 e5 2. Nf3 Nf6 3. d4 Nxe4 4. dxe5 d5 5. Nbd2 Nxd2 6. Qxd2 Be7 7. Bd3 Nc6 8. O-O Bg4 9. Qf4 Bxf3 10. gxf3 O-O 11. Kh1 f6 12. Rg1 Nxe5 13. Qh6 g6 14. Bxg6 hxg6 15. f4 Kf7 16. fxe5 Rg8 17. Qh7+ Ke6 18. exf6 Bxf6 19. Re1+ Kd6 20. Bf4+ Kc5 21. b4+ Kc4 22. Qh3 Kb5 23. a4+ Kb6 24. Re6+ c6 25. a5+ 1-0

[Event "Eurasia Open Cup 2019"]
[Site "Ekaterinburg"]
[Date "2019.08.02"]
[Round "3.7"]
[White "Kanter, Eduard"]
[Black "Sivuk, Vitaly"]
[Result "1/2-1/2"]
[ECO "D15"]
[WhiteElo "2384"]
[BlackElo "2546"]
[Annotator "ChessBase"]
[PlyCount "91"]
[EventDate "2019.07.31"]
[EventType "swiss"]
[EventCountry "RUS"]
[SourceTitle "playchess.com"]
[Source "ChessBase"]
[SourceQuality "1"]
[TimeControl "5400+30"]

1. d4 d5 2. c4 c6 3. Nf3 Nf6 4. Nc3 a6 5. e3 Bf5 6. Ne5 g6 7. Qb3 Ra7 8. cxd5 cxd5 9. e4 Nxe4 10. Qxd5 Nd6 11. Be2 Bg7 12. O-O O-O 13. Be3 Nd7 14. Qb3 Ra8 15. Nxd7 Qxd7 16. Na4 Qe6 17. Qxe6 Bxe6 18. Bf3 Rad8 19. Rfd1 b5 20. Nc5 Bc8 21. a4 Nf5 22. axb5 axb5 23. Nb3 Rfe8 24. Ra5 Nd6 25. Bf4 Nc4 26. Rxb5 Ba6 27. Rd5 Nxb2 28. Rb1 Rxd5 29. Bxd5 Nd3 30. Be3 Rb8 31. Ra1 Nb4 32. Bf3 Bc4 33. Nd2 Bd5 34. Rb1 Bxf3 35. Nxf3 Ra8 36. Bf4 Nc2 37. d5 Rd8 38. g3 Bf8 39. Rb5 Na3 40. Ra5 Nc4 41. Rb5 Bg7 42. Kg2 h6 43. h4 Nd6 44. Bxd6 Rxd6 45. g4 e6 46. Kg1 1/2-1/2

[Event "Eurasia Open Cup 2019"]
[Site "Ekaterinburg"]
[Date "2019.08.02"]
[Round "3.8"]
[White "Sargsyan, Shant"]
[Black "Shubin, Kirill"]
[Result "1-0"]
[ECO "C02"]
[WhiteElo "2529"]
[BlackElo "2426"]
[Annotator "ChessBase"]
[PlyCount "85"]
[EventDate "2019.07.31"]
[EventType "swiss"]
[EventCountry "RUS"]
[SourceTitle "playchess.com"]
[Source "ChessBase"]
[SourceQuality "1"]
[TimeControl "5400+30"]

1. e4 e6 2. d4 d5 3. e5 c5 4. c3 Ne7 5. Nf3 Nec6 6. a3 a5 7. Bb5 b6 8. O-O Ba6 9. a4 Be7 10. Na3 O-O 11. Qe2 cxd4 12. cxd4 Nb4 13. Bd2 Bb7 14. Rfc1 N8c6 15. Qe3 Rc8 16. g3 Na7 17. Bf1 Qd7 18. h4 Rxc1 19. Rxc1 Bc6 20. b3 Rc8 21. h5 Bb7 22. h6 Rxc1 23. Bxc1 g6 24. Nh2 Ba6 25. Bxa6 Nxa6 26. Ng4 Qc8 27. Kg2 Nb8 28. Nb1 Qc2 29. Ba3 Bd8 30. Nc3 Nd7 31. Nb5 Nc6 32. Qf3 Bg5 33. Nd6 Nd8 34. Ne8 Qe4 35. Qxe4 dxe4 36. f4 exf3+ 37. Kxf3 Nc6 38. Ke4 Nd8 39. Nef6+ Nxf6+ 40. Nxf6+ Bxf6 41. exf6 g5 42. Bd6 Nc6 43. d5 1-0

[Event "Eurasia Open Cup 2019"]
[Site "Ekaterinburg"]
[Date "2019.08.02"]
[Round "3.9"]
[White "Fotin, Vladimir"]
[Black "Kunin, Vitaly"]
[Result "0-1"]
[ECO "A29"]
[WhiteElo "2368"]
[BlackElo "2527"]
[Annotator "ChessBase"]
[PlyCount "108"]
[EventDate "2019.07.31"]
[EventType "swiss"]
[EventCountry "RUS"]
[SourceTitle "playchess.com"]
[Source "ChessBase"]
[SourceQuality "1"]
[TimeControl "5400+30"]

1. c4 Nf6 2. Nc3 e5 3. g3 d5 4. cxd5 Nxd5 5. Bg2 Nxc3 6. bxc3 Nc6 7. d3 Bc5 8. Nf3 O-O 9. O-O Bb6 10. a4 Re8 11. Nd2 Be6 12. Nb3 a5 13. Rb1 Qd7 14. Nd2 Rad8 15. Ba3 f5 16. Nc4 Ba7 17. Qc2 e4 18. Rxb7 Bxc4 19. dxc4 Bb6 20. c5 Qc8 21. Rxb6 cxb6 22. cxb6 Qe6 23. Bc5 Qc4 24. Be3 Nd4 25. Bxd4 Rxd4 26. Rb1 Qxa4 27. Qxa4 Rxa4 28. b7 Rb8 29. f3 Rc4 30. fxe4 fxe4 31. Kf2 a4 32. Ke3 Rxc3+ 33. Kxe4 Kf7 34. Kd4 Rc2 35. Bd5+ Ke7 36. e4 a3 37. Rb3 a2 38. Ra3 Rxh2 39. Kc5 Rb2 40. g4 h6 41. Ra6 g6 42. Kd4 h5 43. gxh5 gxh5 44. Bxa2 R8xb7 45. Ke5 R2b6 46. Ra3 Rh6 47. Bd5 Rbb6 48. Ra7+ Kf8 49. Kf5 h4 50. Ra8+ Ke7 51. Kg5 Rbg6+ 52. Kf5 h3 53. e5 h2 54. Ra7+ Kd8 0-1

[Event "Eurasia Open Cup 2019"]
[Site "Ekaterinburg"]
[Date "2019.08.02"]
[Round "3.11"]
[White "Vokhidov, Shamsiddin"]
[Black "Kotlyar, Kirill"]
[Result "1-0"]
[ECO "B31"]
[WhiteElo "2515"]
[BlackElo "2387"]
[Annotator "ChessBase"]
[PlyCount "77"]
[EventDate "2019.07.31"]
[EventType "swiss"]
[EventCountry "RUS"]
[SourceTitle "playchess.com"]
[Source "ChessBase"]
[SourceQuality "1"]
[TimeControl "5400+30"]

1. e4 c5 2. Nf3 Nc6 3. Bb5 g6 4. Bxc6 dxc6 5. d3 Bg7 6. h3 e5 7. Be3 Qe7 8. Qd2 Nf6 9. Nc3 Nd7 10. a3 a5 11. Bh6 O-O 12. Bxg7 Kxg7 13. O-O f6 14. Qe3 Rf7 15. Nd2 a4 16. Ne2 Nf8 17. f4 exf4 18. Nxf4 Ne6 19. Nc4 Nxf4 20. Qxf4 Be6 21. Nd6 Rff8 22. Rae1 b5 23. Nf5+ Bxf5 24. exf5 Qd7 25. Re6 Rae8 26. Qd6 Qxd6 27. Rxd6 Re2 28. Rf2 Rxf2 29. Kxf2 Rc8 30. g4 Rc7 31. h4 gxf5 32. gxf5 c4 33. dxc4 bxc4 34. Ke3 Kh6 35. Rxf6+ Kh5 36. Kf4 Rb7 37. Rxc6 Rxb2 38. Rxc4 Kxh4 39. f6 1-0

[Event "Eurasia Open Cup 2019"]
[Site "Ekaterinburg"]
[Date "2019.08.02"]
[Round "3.13"]
[White "Bocharov, Dmitry"]
[Black "Guseva, Marina"]
[Result "1/2-1/2"]
[ECO "B12"]
[WhiteElo "2506"]
[BlackElo "2379"]
[Annotator "ChessBase"]
[PlyCount "88"]
[EventDate "2019.07.31"]
[EventType "swiss"]
[EventCountry "RUS"]
[SourceTitle "playchess.com"]
[Source "ChessBase"]
[SourceQuality "1"]
[TimeControl "5400+30"]

1. e4 c6 2. d4 d5 3. e5 Bf5 4. Nf3 e6 5. Be2 Nd7 6. O-O Ne7 7. c3 h6 8. a4 Qc7 9. Na3 Bh7 10. b4 a5 11. Bd2 Nc8 12. Qb3 Ncb6 13. Rfc1 Be7 14. bxa5 Rxa5 15. c4 dxc4 16. Nxc4 Nxc4 17. Bxc4 Ra8 18. a5 O-O 19. Bd3 Bxd3 20. Qxd3 Rfd8 21. Qe4 Nb8 22. Rab1 Rd5 23. h4 Qd7 24. g4 c5 25. g5 h5 26. g6 Nc6 27. gxf7+ Kxf7 28. Bg5 cxd4 29. Bxe7 Kxe7 30. Qg6 Kd8 31. Ng5 Raxa5 32. Rxb7 Qxb7 33. Nxe6+ Kd7 34. Qf7+ Ne7 35. Nf8+ Kd8 36. Ne6+ Kd7 37. Nxg7 Rxe5 38. Qe8+ Kd6 39. Qd8+ Qd7 40. Qb8+ Kd5 41. Qb3+ Kd6 42. Qb8+ Kd5 43. Qb3+ Kd6 44. Qb8+ Kd5 1/2-1/2

[Event "Eurasia Open Cup 2019"]
[Site "Ekaterinburg"]
[Date "2019.08.02"]
[Round "3.14"]
[White "Ovchinnikov, Vsevolod"]
[Black "Burmakin, Vladimir"]
[Result "1/2-1/2"]
[ECO "D11"]
[WhiteElo "2346"]
[BlackElo "2506"]
[Annotator "ChessBase"]
[PlyCount "131"]
[EventDate "2019.07.31"]
[EventType "swiss"]
[EventCountry "RUS"]
[SourceTitle "playchess.com"]
[Source "ChessBase"]
[SourceQuality "1"]
[TimeControl "5400+30"]

1. d4 Nf6 2. c4 c6 3. Nf3 d5 4. e3 Bg4 5. Qb3 Qb6 6. Nc3 e6 7. Nh4 Be7 8. h3 Bh5 9. g4 Nfd7 10. Nf5 exf5 11. gxh5 dxc4 12. Qxc4 Nf6 13. Rg1 g6 14. Be2 Nbd7 15. a3 Qc7 16. Bf3 Nb6 17. Qb3 Qh2 18. Rh1 Qd6 19. Rg1 Nxh5 20. Bxh5 gxh5 21. Bd2 Qe6 22. Qxe6 fxe6 23. Ne2 Kf7 24. Nf4 Rhg8 25. Ke2 Bd6 26. Rxg8 Rxg8 27. Nd3 Nd7 28. Bb4 Bb8 29. Nc5 Nxc5 30. Bxc5 Rg2 31. Rh1 Ke8 32. Kf3 Rg8 33. Rd1 b6 34. Bb4 a5 35. Bc3 a4 36. Rc1 Bd6 37. Rd1 Kd7 38. Rc1 Be7 39. Rd1 Rg6 40. Rc1 Bf6 41. Bb4 e5 42. dxe5 Bxe5 43. Bc3 Bd6 44. Rd1 Ke6 45. e4 b5 46. Re1 c5 47. exf5+ Kxf5 48. Re8 b4 49. Bd2 Rg1 50. Ra8 Rh1 51. axb4 cxb4 52. Ra5+ Ke6 53. Rxh5 a3 54. bxa3 bxa3 55. Ra5 Rxh3+ 56. Ke4 Rh2 57. Bc1 Rxf2 58. Bxa3 Rf4+ 59. Ke3 Bc7 60. Rh5 Rf7 61. Bb2 Bf4+ 62. Ke4 h6 63. Ra5 Bd6 64. Bc1 Rf6 65. Rh5 Bf8 66. Re5+ 1/2-1/2

[Event "Eurasia Open Cup 2019"]
[Site "Ekaterinburg"]
[Date "2019.08.02"]
[Round "3.15"]
[White "Gleizerov, Evgeny"]
[Black "Pozin, Sergey"]
[Result "1-0"]
[ECO "A60"]
[WhiteElo "2498"]
[BlackElo "2299"]
[Annotator "ChessBase"]
[PlyCount "51"]
[EventDate "2019.07.31"]
[EventType "swiss"]
[EventCountry "RUS"]
[SourceTitle "playchess.com"]
[Source "ChessBase"]
[SourceQuality "1"]
[TimeControl "5400+30"]

1. d4 Nf6 2. c4 e6 3. g3 c5 4. d5 exd5 5. cxd5 b5 6. Nf3 Bb7 7. e4 Nxe4 8. Bg2 Be7 9. O-O O-O 10. Re1 f5 11. Nc3 Na6 12. Nxb5 c4 13. Be3 Nb4 14. d6 Bf6 15. Qa4 a5 16. a3 Bxb2 17. Rab1 Bc3 18. axb4 axb4 19. Qc2 Qa5 20. Nxc3 Nxc3 21. Rbc1 Be4 22. Qd2 Qa2 23. Bd4 Qxd2 24. Nxd2 Bxg2 25. Kxg2 Nb5 26. Rxc4 1-0

[Event "Eurasia Open Cup 2019"]
[Site "Ekaterinburg"]
[Date "2019.08.02"]
[Round "3.16"]
[White "Drygalov, Sergey"]
[Black "Inozemtsev, Sergei"]
[Result "1-0"]
[ECO "E15"]
[WhiteElo "2492"]
[BlackElo "2295"]
[Annotator "ChessBase"]
[PlyCount "102"]
[EventDate "2019.07.31"]
[EventType "swiss"]
[EventCountry "RUS"]
[SourceTitle "playchess.com"]
[Source "ChessBase"]
[SourceQuality "1"]
[TimeControl "5400+30"]

1. d4 e6 2. c4 Nf6 3. Nf3 b6 4. g3 Ba6 5. Qc2 c5 6. d5 exd5 7. cxd5 Bb7 8. Bg2 Nxd5 9. O-O Nc6 10. Rd1 Be7 11. Qa4 Nf6 12. Nc3 O-O 13. g4 Rb8 14. g5 Nh5 15. Qg4 g6 16. Nd5 Re8 17. Bf4 Nxf4 18. Nxf4 d6 19. Nd5 Na5 20. h4 Bxd5 21. Rxd5 Bf8 22. e3 Nc6 23. Qf4 Qe7 24. Rad1 Red8 25. a3 Bg7 26. b3 Na5 27. b4 cxb4 28. axb4 Nc6 29. b5 Ne5 30. Nd2 Nd7 31. Qxd6 Qxd6 32. Rxd6 Nc5 33. Nc4 Rxd6 34. Rxd6 Kf8 35. Rc6 Rd8 36. Rc7 Rd7 37. Rc8+ Ke7 38. Bc6 Rd1+ 39. Kg2 Rd8 40. Rc7+ Ke6 41. Rxa7 Rb8 42. e4 Rd8 43. Bd5+ Rxd5 44. exd5+ Kxd5 45. Nxb6+ Ke6 46. Nc8 Nd7 47. Ra6+ Ke5 48. b6 Nb8 49. Ra8 Nc6 50. b7 Kf4 51. Na7 Ke5 1-0

[Event "Eurasia Open Cup 2019"]
[Site "Ekaterinburg"]
[Date "2019.08.02"]
[Round "3.17"]
[White "Matsenko, Andrei"]
[Black "Kostenko, Petr"]
[Result "0-1"]
[ECO "A15"]
[WhiteElo "2293"]
[BlackElo "2471"]
[Annotator "ChessBase"]
[PlyCount "88"]
[EventDate "2019.07.31"]
[EventType "swiss"]
[EventCountry "RUS"]
[SourceTitle "playchess.com"]
[Source "ChessBase"]
[SourceQuality "1"]
[TimeControl "5400+30"]

1. Nf3 Nf6 2. c4 b6 3. g3 Bb7 4. Bg2 g6 5. b3 Bg7 6. Bb2 O-O 7. O-O e6 8. d4 d6 9. Nbd2 c5 10. Qc2 Qc7 11. Rac1 Nbd7 12. Rfd1 a6 13. Qb1 cxd4 14. Nxd4 Bxg2 15. Kxg2 Qb7+ 16. N4f3 Rfc8 17. Kg1 b5 18. cxb5 axb5 19. Rxc8+ Qxc8 20. a3 Qa6 21. e4 Ne8 22. Nd4 Nc5 23. b4 Na4 24. Ba1 e5 25. N4b3 Rc8 26. Qd3 Bh6 27. Na5 Bg5 28. Nb1 Bd8 29. Nc3 Bxa5 30. bxa5 Rc4 31. Nxa4 Rxa4 32. f4 Qxa5 33. fxe5 Rxa3 34. Qd4 Ra4 35. Qb2 Rb4 36. Qc3 Qa4 37. Rf1 Rc4 38. Qf3 Qa7+ 39. Kh1 dxe5 40. Bxe5 Qe7 41. Qf4 f5 42. Re1 Qb7 43. Qf3 Rxe4 44. Qb3+ Kf8 0-1

[Event "Eurasia Open Cup 2019"]
[Site "Ekaterinburg"]
[Date "2019.08.02"]
[Round "3.18"]
[White "Kezin, Roman"]
[Black "Isaev, Anton"]
[Result "1/2-1/2"]
[ECO "A18"]
[WhiteElo "2470"]
[BlackElo "2191"]
[Annotator "ChessBase"]
[PlyCount "108"]
[EventDate "2019.07.31"]
[EventType "swiss"]
[EventCountry "RUS"]
[SourceTitle "playchess.com"]
[Source "ChessBase"]
[SourceQuality "1"]
[TimeControl "5400+30"]

1. c4 Nf6 2. Nc3 e6 3. e4 d5 4. e5 d4 5. exf6 dxc3 6. bxc3 Qxf6 7. d4 e5 8. Nf3 Nc6 9. Bd3 Bg4 10. d5 Bxf3 11. gxf3 Nb8 12. Rb1 b6 13. Be4 Bd6 14. Rg1 h6 15. Qa4+ Nd7 16. c5 bxc5 17. Be3 Ke7 18. Rb7 Rhb8 19. Rxb8 Rxb8 20. Qxa7 Kf8 21. Kd2 Qd8 22. Ra1 Nb6 23. Qa6 Qd7 24. Qd3 Qa4 25. Ke1 Nc4 26. Bc1 Be7 27. Qc2 Qa5 28. Rb1 Rxb1 29. Qxb1 Qxc3+ 30. Ke2 Qb4 31. Qd3 Bg5 32. a3 Qb5 33. d6 cxd6 34. Bd5 Bxc1 35. Bxc4 Qb2+ 36. Kd1 Bg5 37. Qxd6+ Kg8 38. Qd5 Qd4+ 39. Kc2 Qxd5 40. Bxd5 Bh4 41. a4 Bxf2 42. a5 c4 43. a6 g6 44. Kc3 Kg7 45. Kxc4 f5 46. Bc6 Kf6 47. Kd5 h5 48. Be8 Ba7 49. h3 Bg1 50. Bb5 g5 51. Be8 h4 52. Bd7 Bf2 53. Bc8 Ba7 54. Bd7 Bf2 1/2-1/2

[Event "Eurasia Open Cup 2019"]
[Site "Ekaterinburg"]
[Date "2019.08.02"]
[Round "3.19"]
[White "Kyshtymov, Daniil"]
[Black "Hamitevici, Vladimir"]
[Result "1-0"]
[ECO "B15"]
[WhiteElo "2176"]
[BlackElo "2480"]
[Annotator "ChessBase"]
[PlyCount "113"]
[EventDate "2019.07.31"]
[EventType "swiss"]
[EventCountry "RUS"]
[SourceTitle "playchess.com"]
[Source "ChessBase"]
[SourceQuality "1"]
[TimeControl "5400+30"]

1. e4 c6 2. d4 d5 3. Nc3 dxe4 4. Nxe4 Nf6 5. Nxf6+ exf6 6. c3 Bd6 7. Bd3 O-O 8. Qc2 Re8+ 9. Ne2 h5 10. Be3 h4 11. O-O-O Qa5 12. Kb1 Be6 13. c4 Na6 14. Bd2 Nb4 15. a3 Nxc2 16. Bxa5 Bg4 17. Rd2 Bxe2 18. Bxe2 Rxe2 19. Rxe2 Nxd4 20. Rd2 c5 21. Bc3 Be5 22. Bxd4 Bxd4 23. Re1 Kf8 24. Re4 g5 25. Rde2 Rb8 26. Re7 a6 27. Rc7 Be5 28. Rxc5 Bxh2 29. Rd5 Be5 30. Kc2 Ke7 31. f3 Ke6 32. b4 Rh8 33. Red2 h3 34. gxh3 Rxh3 35. R2d3 Rh2+ 36. Kb3 f5 37. c5 Rf2 38. Rd7 Rxf3 39. Rxf3 Kxd7 40. Rxf5 f6 41. Kc4 Ke6 42. Rf1 g4 43. a4 f5 44. b5 axb5+ 45. axb5 f4 46. c6 bxc6 47. bxc6 Bc7 48. Kd4 Kf5 49. Rb1 g3 50. Kd3 Bd6 51. Rb7 f3 52. Ke3 g2 53. Rg7 Kf6 54. Rg4 Kf5 55. Kxf3 Ke6 56. Ke4 Bc7 57. Rg6+ 1-0

[Event "Eurasia Open Cup 2019"]
[Site "Ekaterinburg"]
[Date "2019.08.02"]
[Round "3.21"]
[White "Balashov, Yuri S"]
[Black "Krasikov, Vladislav"]
[Result "1/2-1/2"]
[ECO "E97"]
[WhiteElo "2474"]
[BlackElo "2211"]
[Annotator "ChessBase"]
[PlyCount "88"]
[EventDate "2019.07.31"]
[EventType "swiss"]
[EventCountry "RUS"]
[SourceTitle "playchess.com"]
[Source "ChessBase"]
[SourceQuality "1"]
[TimeControl "5400+30"]

1. c4 g6 2. e4 Bg7 3. d4 d6 4. Nc3 Nf6 5. Be2 O-O 6. Nf3 e5 7. O-O Nc6 8. d5 Ne7 9. b4 a5 10. Ba3 b6 11. bxa5 Rxa5 12. Bb4 Ra8 13. a4 Ne8 14. Nb5 f5 15. Nd2 Bd7 16. Ra3 Nf6 17. f3 Bh6 18. Qc2 Kh8 19. Rfa1 Nh5 20. g3 fxe4 21. fxe4 Ng8 22. Qd1 Ngf6 23. Bf3 Bh3 24. Qe2 Qd7 25. Nf1 Ng4 26. Bd2 Bxd2 27. Nxd2 Nhf6 28. Bg2 Bxg2 29. Kxg2 Nh6 30. a5 bxa5 31. Rxa5 Rxa5 32. Rxa5 Qg4 33. Qxg4 Nfxg4 34. Kg1 Nxh2 35. Nxc7 N2g4 36. Nb5 Rf2 37. Ra8+ Kg7 38. Nf1 Nf7 39. Ra7 Kg8 40. Ra8+ Kg7 41. Ra7 Kg8 42. Ra8+ Kg7 43. Ra7 Rf3 44. Ne3 Rf2 1/2-1/2

[Event "Eurasia Open Cup 2019"]
[Site "Ekaterinburg"]
[Date "2019.08.02"]
[Round "3.22"]
[White "Safin, Robert"]
[Black "Ulybin, Mikhail"]
[Result "1-0"]
[ECO "D02"]
[WhiteElo "2188"]
[BlackElo "2469"]
[Annotator "ChessBase"]
[PlyCount "164"]
[EventDate "2019.07.31"]
[EventType "swiss"]
[EventCountry "RUS"]
[SourceTitle "playchess.com"]
[Source "ChessBase"]
[SourceQuality "1"]
[TimeControl "5400+30"]

1. d4 e6 2. g3 c5 3. c3 Nf6 4. Bg2 d5 5. Nf3 Nc6 6. O-O Bd6 7. Bf4 Bxf4 8. gxf4 Qb6 9. b3 O-O 10. e3 Bd7 11. Nbd2 Rfd8 12. Ne5 Be8 13. a3 Rac8 14. Kh1 Ne7 15. Rc1 Nf5 16. a4 Rc7 17. Nd3 cxd4 18. cxd4 Rdc8 19. Rxc7 Rxc7 20. Qb1 Qa5 21. Rc1 Rc3 22. Bf1 b5 23. axb5 Bxb5 24. Qb2 Rxc1 25. Qxc1 g6 26. Kg1 Kg7 27. Nc5 Bxf1 28. Nxf1 Nh4 29. Qd1 Qa2 30. h3 Ne4 31. Nxe4 dxe4 32. Nh2 Qa5 33. Kh1 h5 34. Nf1 Qf5 35. Kh2 Nf3+ 36. Kg2 Nh4+ 37. Kh2 Nf3+ 38. Kg2 Qa5 39. Ng3 f5 40. Ne2 Kf7 41. Kf1 Ke7 42. Ng1 Nh4 43. Ne2 Kd6 44. Qc1 Nf3 45. Nc3 Qb4 46. Qa1 a5 47. Kg2 Nd2 48. Qb2 Nxb3 49. Na2 Qc4 50. Qa3+ Kd7 51. Qf8 Nd2 52. Qf7+ Kc6 53. Qe8+ Kc7 54. Qe7+ Kb6 55. Qd6+ Kb5 56. Qd7+ Ka6 57. Qd6+ Kb7 58. Qd7+ Kb6 59. Qd6+ Qc6 60. Qb8+ Ka6 61. h4 Nc4 62. Qg8 Nxe3+ 63. fxe3 Qc2+ 64. Kg3 Qxa2 65. Qa8+ Kb5 66. Qe8+ Kb4 67. Qxg6 Qe2 68. Qxe6 Qxe3+ 69. Kg2 Qf3+ 70. Kg1 Qg3+ 71. Kh1 Qxh4+ 72. Kg1 Qg3+ 73. Kh1 Qe1+ 74. Kg2 Qe2+ 75. Kh1 Qf1+ 76. Kh2 Qxf4+ 77. Kg2 Qf3+ 78. Kh2 Qf2+ 79. Kh1 Qxd4 80. Qxf5 Qd1+ 81. Kh2 Qe2+ 82. Kg1 Qg4+ 1-0

[Event "Eurasia Open Cup 2019"]
[Site "Ekaterinburg"]
[Date "2019.08.02"]
[Round "3.23"]
[White "Savitskiy, Sergey"]
[Black "Novikov, Evgenij"]
[Result "1-0"]
[ECO "B01"]
[WhiteElo "2418"]
[BlackElo "2164"]
[Annotator "NA"]
[PlyCount "93"]
[EventDate "2019.07.31"]
[EventType "swiss"]
[EventCountry "RUS"]
[SourceTitle "playchess.com"]
[Source "ChessBase"]
[SourceQuality "1"]
[TimeControl "5400+30"]

1. e4 d5 2. exd5 Qxd5 3. Nc3 Qd6 4. d4 Nf6 5. Nf3 c6 6. Ne5 Nbd7 7. Nc4 Qc7 8. Qf3 Nb6 9. h3 Nxc4 10. Bxc4 e6 11. Bd2 Bd7 12. O-O-O O-O-O 13. Bg5 Be7 14. Ne4 Nxe4 15. Bxe7 Rde8 16. Ba3 f5 17. h4 Qa5 18. c3 b5 19. Bb3 Qb6 20. Qe3 e5 21. Bf7 exd4 22. Rxd4 c5 23. Bxe8 cxd4 24. Bxd7+ Kxd7 25. Rd1 Kc8 26. Rxd4 Rd8 27. Rxd8+ Qxd8 28. f3 Ng3 29. Qc5+ Kb7 30. Qxb5+ Qb6 31. Qxb6+ axb6 32. Kd2 Kc6 33. c4 f4 34. Bf8 Nf5 35. h5 g6 36. hxg6 hxg6 37. a4 Ne3 38. Kd3 Nxg2 39. b4 Ne1+ 40. Ke4 Nc2 41. b5+ Kd7 42. c5 bxc5 43. Bxc5 g5 44. a5 Kc7 45. a6 Ne1 46. b6+ Kc6 47. b7 1-0

[Event "Eurasia Open Cup 2019"]
[Site "Ekaterinburg"]
[Date "2019.08.02"]
[Round "3.24"]
[White "Pastukhov, Leonid"]
[Black "Pogromsky, Mikhail"]
[Result "1-0"]
[ECO "A34"]
[WhiteElo "2215"]
[BlackElo "2414"]
[Annotator "NA"]
[PlyCount "71"]
[EventDate "2019.07.31"]
[EventType "swiss"]
[EventCountry "RUS"]
[SourceTitle "playchess.com"]
[Source "ChessBase"]
[SourceQuality "1"]
[TimeControl "5400+30"]

1. Nf3 Nf6 2. c4 c5 3. Nc3 e6 4. e4 Nc6 5. h3 d5 6. e5 Nd7 7. cxd5 exd5 8. Bb5 d4 9. Ne2 Qc7 10. O-O a6 11. Bxc6 Qxc6 12. Qc2 a5 13. d3 Be7 14. Bf4 Nb6 15. Rac1 h6 16. Qd2 Qd5 17. Bh2 g5 18. Ng3 Bxh3 19. Ne4 Be6 20. Rxc5 Qd8 21. Nd6+ Bxd6 22. exd6 Nd7 23. Rc7 Qf6 24. Rxd7 Kxd7 25. Ne5+ Ke8 26. Qc2 Kf8 27. Qc5 b6 28. Qxd4 Kg7 29. f4 g4 30. f5 Bxa2 31. Qa4 Rhe8 32. Nxg4 b5 33. Qf4 Qg5 34. Qd4+ f6 35. Bf4 Qh4 36. g3 1-0

[Event "Eurasia Open Cup 2019"]
[Site "Ekaterinburg"]
[Date "2019.08.02"]
[Round "3.25"]
[White "Bivol, Alina"]
[Black "Pogorelskikh, Sofia"]
[Result "1-0"]
[ECO "B52"]
[WhiteElo "2391"]
[BlackElo "2189"]
[Annotator "NA"]
[PlyCount "95"]
[EventDate "2019.07.31"]
[EventType "swiss"]
[EventCountry "RUS"]
[SourceTitle "playchess.com"]
[Source "ChessBase"]
[SourceQuality "1"]
[TimeControl "5400+30"]

1. e4 c5 2. Nf3 d6 3. Bb5+ Bd7 4. Bxd7+ Qxd7 5. c4 Nf6 6. Nc3 g6 7. d4 cxd4 8. Nxd4 Bg7 9. f3 O-O 10. Be3 Rc8 11. b3 Nc6 12. O-O e6 13. Rc1 d5 14. cxd5 exd5 15. Nxc6 bxc6 16. e5 Qe6 17. f4 Ng4 18. Bc5 h5 19. Ne2 Nh6 20. Nd4 Qd7 21. Qd3 Nf5 22. Nxf5 Qxf5 23. Qxf5 gxf5 24. Rf3 Bh6 25. Rcf1 Bf8 26. Rg3+ Kh7 27. Bxf8 Rxf8 28. Rg5 f6 29. exf6 Rxf6 30. Re1 Kh6 31. Re3 a5 32. Rh3 Rg6 33. Rgxh5+ Kg7 34. Rh7+ Kf6 35. Rc7 Re8 36. Rc3 Re6 37. R3xc6 Rg8 38. Rxe6+ Kxe6 39. Rc6+ Kd7 40. Rc5 Kd6 41. Rxa5 d4 42. Kf2 d3 43. g3 Rh8 44. Ke3 Rxh2 45. Kxd3 Rg2 46. Kd4 Rxg3 47. Ra6+ Ke7 48. Ke5 1-0

[Event "Eurasia Open Cup 2019"]
[Site "Ekaterinburg"]
[Date "2019.08.02"]
[Round "3.26"]
[White "Chekletsov, Ilya"]
[Black "Gabdrakhmanov, Azat"]
[Result "1-0"]
[ECO "A05"]
[WhiteElo "2374"]
[BlackElo "2111"]
[Annotator "NA"]
[PlyCount "91"]
[EventDate "2019.07.31"]
[EventType "swiss"]
[EventCountry "RUS"]
[SourceTitle "playchess.com"]
[Source "ChessBase"]
[SourceQuality "1"]
[TimeControl "5400+30"]

1. b3 e5 2. Bb2 d6 3. g3 Nf6 4. Bg2 g6 5. d3 Bg7 6. Nf3 O-O 7. O-O Nc6 8. h3 a5 9. a3 Re8 10. e4 d5 11. Nbd2 d4 12. Qe2 Qe7 13. Kh2 a4 14. b4 Na7 15. c3 dxc3 16. Bxc3 Nd7 17. d4 c6 18. Bb2 Nb5 19. d5 Nd6 20. dxc6 bxc6 21. Rfc1 Ba6 22. Qe3 Bb5 23. Bf1 Bxf1 24. Nxf1 Rec8 25. Rc2 Rc7 26. Rac1 Rac8 27. N1d2 f6 28. Ne1 Qe6 29. Nd3 Bf8 30. f4 Nf7 31. Nf3 Bd6 32. Kg2 Qb3 33. Rc4 exf4 34. gxf4 Bxf4 35. Qe2 Nde5 36. Nxf4 Nxc4 37. Rxc4 Rd7 38. Bxf6 Re8 39. e5 Rd1 40. e6 Nd6 41. Rc3 Qb1 42. e7 Nf7 43. Rxc6 Rc1 44. Rxc1 Qxc1 45. Qe4 Qxa3 46. Qc6 1-0